 Dungeon Crawl Stone Soup version 0.19.1 (webtiles) character file.

1881 Philogelos the Basher (level 8, -4/64 HPs)
             Began as a Minotaur Berserker on Dec 6, 2016.
             Was an Elder of Trog.
             Shot with a sling bullet by Joseph (7 damage)
             ... on level 7 of the Dungeon.
             The game lasted 00:33:38 (6389 turns).

Philogelos the Basher (Minotaur Berserker)          Turns: 6389, Time: 00:33:38

Health: -4/64      AC: 10    Str: 25    XL:     8   Next: 91%
Magic:  7/7        EV: 11    Int:  4    God:    Trog [****..]
Gold:   311        SH:  3    Dex: 12    Spells: 0 memorised, 7 levels left

rFire  . . .     SeeInvis +     V - +2 flail (crush)
rCold  . . .     Gourm    .     Q - +3 ring mail {rPois}
rNeg   . . .     Faith    .     (no shield)
rPois  +         Spirit   .     (helmet restricted)
rElec  .         Reflect  +     g - +0 cloak
rCorr  .         Harm     .     (no gloves)
MR     .....                    (no boots)
Stlth  +.........               d - +3 amulet of reflection
                                u - +3 ring of strength
                                a - ring of see invisible

@: no status effects
A: retaliatory headbutt, horns 2
a: Berserk, Trog's Hand, Brothers in Arms, Burn Spellbooks, Renounce Religion


You were on level 7 of the Dungeon.
You worshipped Trog.
Trog was greatly pleased with you.
You were very hungry.

You visited 1 branch of the dungeon, and saw 7 of its levels.

You collected 311 gold pieces.

Inventory:

Hand Weapons
 R - a +0 morningstar
 V - a +2 flail of crushing (weapon)
Missiles
 q - 11 javelins (quivered)
 w - a throwing net
 K - 15 tomahawks
Armour
 b - a +0 animal skin
 g - a +0 cloak (worn)
 m - a +0 plate armour
 Q - a +3 ring mail of poison resistance (worn)
Jewellery
 a - a ring of see invisible (left hand)
 d - a +3 amulet of reflection (around neck)
 e - an uncursed ring of fire
 k - an uncursed ring of resist corrosion
 u - a +3 ring of strength (right hand)
 v - an uncursed ring of ice
 y - an uncursed ring of flight
 J - an uncursed amulet of harm
Wands
 A - a wand of slowing (30/48)
 H - a wand of digging (7/24)
 L - a wand of random effects (30/48)
 S - a wand of flame (20/48)
Scrolls
 h - 6 scrolls of remove curse
 j - 2 scrolls of immolation
 p - 2 scrolls of magic mapping
 s - a scroll of fog {unknown}
 t - a scroll of enchant armour
 D - a scroll of amnesia
 E - 2 scrolls of teleportation
 P - a scroll of enchant weapon {unknown}
Potions
 f - 2 potions of resistance
 l - 3 potions of brilliance
 x - 3 potions of lignification
 B - 3 potions of magic
 C - 2 potions of flight
 N - a potion of mutation
Comestibles
 c - 4 bread rations
 I - 3 meat rations
 M - a slice of pizza
 T - a beef jerky


   Skills:
 - Level 3.6 Fighting
 + Level 12.6 Maces & Flails
 + Level 6.4 Armour
 - Level 2.1 Dodging


You had 7 spell levels left.
You didn't know any spells.

Dungeon Overview and Level Annotations

Branches:
Dungeon (7/15)             Temple (0/1) D:4

Altars:
Ashenzari
Cheibriados
Makhleb
Ru
Sif Muna

Shops:
D:5 ?[*

Annotations:
D:7 Joseph, Menkaure


Innate Abilities, Weirdness & Mutations

You reflexively headbutt those who attack you in melee.
You have a pair of horns on your head.


Message History

The sling bullet hits you but does no damage.
You see here a sling bullet.
The howler monkey hoots and howls with incredible vigour!
The shadow imp gestures at you. Pain shoots through your body!
* * * LOW HITPOINT WARNING * * *
You hear a shout!
You hear an angry hiss.
The howler monkey hoots and howls with incredible vigour!
The howler monkey hoots and howls with incredible vigour!
You hear an angry hiss.
You hear a shout!
The howler monkey hoots and howls with incredible vigour!
Joseph shouts, "You will never get the ORB!"
The shadow imp gestures at you. Pain shoots through your body!
* * * LOW HITPOINT WARNING * * *
The howler monkey hoots and howls with incredible vigour!
An adder skeleton comes into view.
Joseph says, "Return every stolen item!"
Joseph shoots a sling bullet.
The sling bullet hits you!
You die...

##.....Z#####
#..##
##........##
.#
#.......@..#
#
#..........#
#......5...#
##
#......h...#
.>
#..........#
# #.
##........##
#.###.
##.....@..##
# #...#.
#..(.......#
#.####...
#..........#
#..<.###.
#..........#
####...†#
#.$........#
####..
#..........#
###
##........##
# ##...<†.##
########


You could see Joseph, a howler monkey and a shadow imp.

Vanquished Creatures
  The ghost of Philogelos the Basher, an amateur MiBe of Trog (D:4)
  2 sky beasts
  An ogre (D:6)
  A bullfrog (D:6)
  3 scorpions
  3 howler monkeys
  5 crimson imps (D:5)
  2 hounds
  A centaur zombie (D:5)
  6 orc priests
  A bullfrog skeleton (D:7)
  2 iguanas
  5 orc wizards
  A worker ant (D:6)
  Robin (D:2)
  A worker ant zombie (D:5)
  4 gnolls (D:2)
  10 adders
  An adder zombie (D:5)
  4 worms
  5 dart slugs
  4 leopard geckos
  28 orcs
  4 ball pythons
  7 giant cockroaches
  17 goblins
  14 hobgoblins
  10 jackals
  3 quokkas
  6 bats
  6 frilled lizards
  A jackal skeleton (D:4)
  6 kobolds
  3 rats
169 creatures vanquished.

Vanquished Creatures (collateral kills)
  A crimson imp (D:6)
  A worker ant (D:6)
2 creatures vanquished.

Grand Total: 171 creatures vanquished

Notes
Turn   | Place    | Note
-------+----------+-------------------------------------------
     0 | D:1      | Philogelos the Minotaur Berserker began the quest for the Orb.
     0 | D:1      | Reached XP level 1. HP: 19/19 MP: 0/0
    77 | D:1      | Reached skill level 4 in Maces & Flails
    98 | D:1      | Reached XP level 2. HP: 23/26 MP: 1/1
   343 | D:1      | Reached skill level 5 in Maces & Flails
   430 | D:1      | Reached XP level 3. HP: 25/31 MP: 2/2
   540 | D:1      | Reached ** piety under Trog
   828 | D:2      | Found a burning altar of Makhleb.
  1179 | D:2      | Reached XP level 4. HP: 34/39 MP: 3/3
  1213 | D:2      | Reached skill level 6 in Maces & Flails
  1605 | D:2      | Noticed Robin
  1611 | D:2      | Killed Robin
  1611 | D:2      | Reached skill level 7 in Maces & Flails
  1611 | D:2      | Reached XP level 5. HP: 45/45 MP: 4/4
  1613 | D:2      | Reached *** piety under Trog
  2175 | D:3      | Reached skill level 8 in Maces & Flails
  2491 | D:3      | Noticed a sky beast
  2791 | D:4      | Found a staircase to the Ecumenical Temple.
  2798 | D:4      | Reached XP level 6. HP: 50/51 MP: 5/5
  3221 | D:3      | Killed a sky beast
  3221 | D:3      | Reached skill level 9 in Maces & Flails
  3313 | D:3      | Found a snail-covered altar of Cheibriados.
  3967 | D:4      | Noticed Philogelos's ghost (amateur MiBe)
  4108 | D:5      | Entered Level 5 of the Dungeon
  4119 | D:5      | Reached **** piety under Trog
  4119 | D:5      | Reached XP level 7. HP: 57/57 MP: 6/6
  4191 | D:5      | Reached skill level 10 in Maces & Flails
  4550 | D:5      | Found a shattered altar of Ashenzari.
  4610 | D:5      | Found Ephisig's Magic Scroll Emporium.
  4631 | D:5      | Found Mahiomn's Antique Armour Shoppe.
  4652 | D:5      | Gained mutation: You have sharp toenails. [potion of beneficial mutation]
  4680 | D:5      | Found Nitru's Assorted Antiques.
  5138 | D:6      | Reached skill level 11 in Maces & Flails
  5138 | D:6      | Reached XP level 8. HP: 54/64 MP: 7/7
  5217 | D:6      | Found a sacrificial altar of Ru.
  5415 | D:6      | Reached skill level 5 in Armour
  5668 | D:6      | Lost mutation: You have sharp toenails. [potion of cure mutation]
  5754 | D:6      | Found a deep blue altar of Sif Muna.
  6134 | D:4      | Killed Philogelos's ghost
  6134 | D:4      | Reached skill level 12 in Maces & Flails
  6267 | D:7      | Noticed Menkaure
  6293 | D:7      | Noticed Joseph
  6386 | D:7      | HP: 2/64 [shadow imp/nerve-wracking pain (13)]
  6389 | D:7      | Shot with a sling bullet by Joseph

Skill      XL: |  1  2  3  4  5  6  7  8 |
---------------+-------------------------+-----
Maces & Flails | 4 5 7 8 9 11 12 | 12.6
Armour         | 4 6 |  6.4
Fighting       | |  3.6
Dodging        | |  2.1

Action                   |  1- 3 |  4- 6 |  7- 9 || total
-------------------------+-------+-------+-------++-------
Melee: Mace              |   103 |    18 |       ||   121
       Headbutt          |    16 |    22 |    26 ||    64
       Flail             |       |   146 |   126 ||   272
       Kick              |       |       |    12 ||    12
Throw: Javelin           |     3 |       |       ||     3
Invok: Berserk           |       |     4 |     3 ||     7
       Trog's Hand       |       |     1 |     4 ||     5
       Burn Spellbooks   |       |       |     1 ||     1
       Brothers in Arms  |       |       |     1 ||     1
  Use: Scroll            |       |    10 |     8 ||    18
       Potion            |       |       |     7 ||     7
  Eat: Chunk             |     1 |    10 |    13 ||    24
       Beef jerky        |       |     1 |       ||     1
Armor: Animal skin       |    10 |    11 |       ||    21
       Plate armour      |       |    25 |       ||    25
       Ring mail         |       |    18 |    40 ||    58
Dodge: Dodged            |    56 |    86 |    63 ||   205
Block: Other             |     7 |    25 |    11 ||    43
       Reflection        |     1 |       |       ||     1
